Cogmind - Beta 12 X3 @@@ ROGUE MODE // 2022.09.12 @ 02:14:54 Player: Boris Result: Exoskeleton Destroyed Performance ------------- Evolutions (9) 4500 Regions Visited (22) 4400 Robots Destroyed (587) 2935 Value Destroyed (39702) 39702 Prototype IDs (285) 5700 Alien Tech Used (17) 3400 Bonus (93555) 93555 TOTAL SCORE: 154192 Bonus ------- Pacifist 200 Triggered High Security 500 Triggered Max Security 2000 High Alert Combat Kills 60473 Follower Combat Kills 1687 Met Zhirov 300 Built Enhanced Grunts 300 Met R17 at Cetus 500 Found Hidden Lab 3000 Used Core Reset Matrix 3000 Hacked Protovariant 500 Scanned by Researcher 500 Pursued by Intercept 1000 Integrated Exoskeleton 5000 Destroyed MAIN.C Guards 500 Met MAIN.C 5000 Destroyed MAIN.C Shell 5000 Destroyed MAIN.C 10000 Friendly Fire -5905 Cogmind --------- Core Integrity 0/1850 Matter 425/425 Energy 319/450 System Corruption 0% Temperature Cool (40) Movement Walking (30) Location -1/Command Parts ------- > --- POWER (1) -------- Improved Quantum Reactor > --- PROPULSION (4) --- High-density Centrium Leg Sigix Exoskeleton > --- UTILITY (5) ------ Large Storage Unit Quantum Shading Machine Experimental Core Analyzer Improved Armor Integrity Analyzer AEGIS Remote Shield > --- WEAPON (3) ------- Sigix Sheargun Sigix Shearcannon > --- INVENTORY (15) --- Experimental Cooling System Experimental Energy Well (600) Experimental Energy Well (600) Experimental Energy Well (600) Experimental Target Analyzer Experimental Core Analyzer Experimental Phase Shifter Graphene Brace Antimissile System Transdimensional Reconstructor Terrabomb Spacefold Activator Core Cannon Ragnarok Missile Launcher Peak State ------------ > --- POWER ------------ Improved Quantum Reactor > --- PROPULSION ------- High-density Centrium Leg Sigix Exoskeleton > --- UTILITY ---------- Experimental Cooling System Large Storage Unit Experimental Reaction Control System Experimental Phase Shifter Improved Remote Force Field > --- WEAPON ----------- Sigix Sheargun Sigix Shearcannon > --- INVENTORY -------- Experimental Core Analyzer Improved Armor Integrity Analyzer Improved Kinecellerator Quantum Capacitor Graphene Brace Antimissile System Transdimensional Reconstructor Core Regenerator Terrabomb Spacefold Activator Microwarp Drive Core Cannon [Rating: 265] Favorites ----------- Power Improved Quantum Reactor Engine Heavy Deuterium Engine Power Core Micro Fission Core Reactor Improved Quantum Reactor Propulsion Sigix Exoskeleton Treads Light Treads Leg Sigix Exoskeleton Flight Unit Improved Cesium-ion Thruster Utility Large Storage Unit Device Experimental Cooling System Storage Large Storage Unit Processor Experimental Core Analyzer Hackware Improved Hacking Suite Protection Hardened Light Armor Plating Artifact Microwarp Drive Weapon Sigix Shearcannon Energy Gun Sigix Sheargun Energy Cannon Sigix Shearcannon Ballistic Gun Improved Assault Rifle Launcher Ragnarok Missile Launcher Impact Weapon Mace Slashing Weapon Ionic Axe Special Melee Weapon Datajack Build | -11 -10 -9 -8 -7 -7 -7 -6 -5 -5 -5 -5 -5 -4 -4 -4 -3 -3 -2 -2 -2 -1 -1 ------- Run | Scr Mat Mat Mat Fac Was Fac Fac Fac Ext Cet Arc Hub Fac Arm Lab Res Qua Res Tes Sec Acc Com Slots Evolved 18 | . . 2 2 2 . . 2 2 . . . . 2 . . 2 . 2 . . 2 . Power 1 | . . . . . . . . . . . . . 1 . . . . . . . . . Propulsion 7 | . . 1 2 . . . . 1 . . . . 1 . . 1 . 1 . . . . Utility 10 | . . 1 . 2 . . 2 1 . . . . . . . 1 . 1 . . 2 . Weapon . | . . . . . . . . . . . . . . . . . . . . . . . Parts Attached 263 | 4 4 18 7 7 5 4 7 4 5 7 6 3 12 20 4 11 5 9 6 47 29 39 Power 20 | . . 3 . . 1 2 . . . . . . 3 3 . 4 1 . . 3 . . Engine 8 | . . 3 . . . 2 . . . . . . 1 1 . 1 . . . . . . Core 3 | . . . . . 1 . . . . . . . 1 1 . . . . . . . . Reactor 9 | . . . . . . . . . . . . . 1 1 . 3 1 . . 3 . . Propulsion 37 | 2 2 5 2 3 . . . 2 1 1 . . 2 6 . 2 1 2 3 3 . . Treads 2 | 2 . . . . . . . . . . . . . . . . . . . . . . Leg 2 | . . . . . . . . . . . . . . . . . . . . 2 . . Wheel . | . . . . . . . . . . . . . . . . . . . . . . . Hover . | . . . . . . . . . . . . . . . . . . . . . . . Flight 33 | . 2 5 2 3 . . . 2 1 1 . . 2 6 . 2 1 2 3 1 . . Utility 162 | . 2 5 3 3 4 2 7 2 3 5 6 3 6 9 2 4 2 7 3 33 27 24 Device 99 | . 1 1 3 3 2 . 4 1 1 . 1 1 4 7 . 3 1 5 3 15 26 17 Storage 7 | . . . . . . . . . . . . . . . . . . . . 5 . 2 Processor 20 | . . 1 . . . 2 2 . . 1 . . 1 . . 1 1 1 . 7 . 3 Hackware 13 | . . . . . . . 1 1 . . 5 . 1 . 1 . . 1 . . 1 2 Protection 19 | . 1 3 . . 2 . . . 2 4 . 2 . 2 1 . . . . 2 . . Artifact 4 | . . . . . . . . . . . . . . . . . . . . 4 . . Weapon 44 | 2 . 5 2 1 . . . . 1 1 . . 1 2 2 1 1 . . 8 2 15 Energy Gun 15 | 2 . . . . . . . . . . . . 1 1 . . . . . 2 2 7 Energy Cannon 11 | . . . 1 . . . . . . . . . . . 1 . 1 . . 5 . 3 Ballistic Gun 2 | . . . 1 . . . . . . . . . . . . . . . . 1 . . Ballistic Cannon . | . . . . . . . . . . . . . . . . . . . . . . . Launcher 9 | . . 1 . 1 . . . . . . . . . . 1 1 . . . . . 5 Special Weapon . | . . . . . . . . . . . . . . . . . . . . . . . Impact Weapon 2 | . . 2 . . . . . . . . . . . . . . . . . . . . Slashing Weapon 3 | . . . . . . . . . 1 1 . . . 1 . . . . . . . . Piercing Weapon . | . . . . . . . . . . . . . . . . . . . . . . . Special Melee Weapon 2 | . . 2 . . . . . . . . . . . . . . . . . . . . Unidentified Prototypes 35 | . . . . 2 . 1 . . . 1 . . 4 1 4 . . . 2 9 4 7 Parts Lost 30 | . . 3 . . . . 1 . 1 2 . 4 . 3 . 6 . . . 9 1 . Power 3 | . . . . . . . . . . . . . . . . 1 . . . 2 . . Propulsion 12 | . . 2 . . . . . . . 1 . 1 . 2 . 2 . . . 4 . . Utility 12 | . . . . . . . 1 . 1 1 . 3 . 1 . 2 . . . 2 1 . Weapon 3 | . . 1 . . . . . . . . . . . . . 1 . . . 1 . . Highest Loss Streak 7 | . . 2 . . . . 1 . 1 2 . 4 . 3 . 4 . . . 7 1 . To Critical Strikes . | . . . . . . . . . . . . . . . . . . . . . . . Average Slot Usage (%) 76 | . 68 75 96 96 100 100 98 95 98 99 100 99 87 94 84 78 86 86 91 59 68 75 Engine 1 | . . 7 9 7 . 5 6 5 5 5 5 5 5 1 . 1 1 . . . . . Reactor 5 | . . . . . . . . . . . . . . 3 5 3 6 8 8 7 7 7 Leg 9 | . . . . . . . . . . . . . . . . . . . . 14 15 15 Flight 12 | . 25 29 45 38 38 38 33 31 34 34 35 34 33 34 31 25 27 27 30 2 . . Device 15 | . 13 11 18 27 24 23 18 16 17 11 9 4 5 13 14 10 9 10 16 7 24 15 Storage 4 | . . . . . . . . . . . . . . . . . . . . 6 7 7 Processor 7 | . . 7 . . . 5 18 11 11 11 11 11 10 10 10 10 12 10 8 3 . 13 Hackware 4 | . . . . . . . . 11 11 11 19 22 11 13 10 14 14 16 17 1 . 1 Protection 2 | . 12 10 9 7 13 8 6 5 4 10 5 5 8 2 4 4 4 4 . . . . Energy Gun 2 | . 14 . . . . . . . . . . . 1 3 . . . . . 5 5 2 Energy Cannon 4 | . . . 6 2 . . . . . . . . . . . . 1 4 4 7 6 6 Launcher 1 | . . . . 4 7 7 6 5 . . . . . . . 2 . . . . . 4 Slashing Weapon 1 | . . . . . . . . . 4 5 5 5 5 5 5 4 4 4 4 . . . Naked Turns . | . . . . . . . . . . . . . . . . . . . . . . . Heaviest Build 91 | 3 8 12 19 22 24 25 25 25 28 34 28 32 35 44 40 41 57 57 57 83 90 91 Greatest Support 102 | 20 8 13 23 26 26 26 30 32 36 34 34 34 45 47 38 56 56 63 63 102 102 102 Greatest Overweight (x) 3 | . . 2 . . . . . . . . . 2 . 3 1 1 1 3 . 1 . 1 Average Overweight (x) . | . . . . . . . . . . . . . . . . . . . . . . . Largest Inventory Capacity 15 | 5 5 5 5 5 5 5 5 5 5 5 5 5 5 5 5 5 5 5 5 15 15 15 Average Capacity 10 | 5 5 5 5 5 5 5 5 5 5 5 5 5 5 5 5 5 5 5 5 11 15 15 Most Carried 15 | 1 5 5 5 5 5 5 5 4 5 5 5 5 5 5 5 5 5 5 5 15 15 15 Average Carried 9 | . 4 4 3 4 4 4 4 2 4 4 5 4 4 4 3 4 4 5 5 8 14 14 Final Capacity 15 | 5 5 5 5 5 5 5 5 5 5 5 5 5 5 5 5 5 5 5 5 15 15 15 Final Carried 15 | 1 5 4 5 5 5 5 5 3 5 5 5 5 5 5 5 5 5 5 5 15 14 15 Class Distribution -------------------- 60% | Alien-Sigix 10% | Sprinter 8% | Scavenger-Sprinter 6% | Hacker-Mutant 4% | Hacker-Sprinter Dominant Class ---------------- Sprinter | -10/Materials Sprinter | -9/Materials Sprinter | -8/Materials Sprinter | -7/Factory Sprinter | -7/Waste Sprinter | -7/Factory Scout | -6/Factory Hacker-Mutant | -5/Factory Scavenger-Sprinter | -5/Extension Commander-Sprinter | -5/Cetus Commander-Sprinter | -5/Archives Hacker-Mutant | -5/Hub_04(d) Scavenger-Sprinter | -4/Factory Scavenger-Sprinter | -4/Armory Scavenger-Sprinter | -4/Lab Hacker-Mutant | -3/Research Hacker-Sprinter | -3/Quarantine Wizard-Scout | -2/Research Wizard-Ninja | -2/Testing Alien-Sigix | -2/Section 7 Alien-Sigix | -1/Access Alien-Sigix | -1/Command Resources | -11 -10 -9 -8 -7 -7 -7 -6 -5 -5 -5 -5 -5 -4 -4 -4 -3 -3 -2 -2 -2 -1 -1 ----------- Run | Scr Mat Mat Mat Fac Was Fac Fac Fac Ext Cet Arc Hub Fac Arm Lab Res Qua Res Tes Sec Acc Com Matter Collected 5329 | 51 . 294 24 35 286 62 28 . 213 70 30 50 100 . . 312 13 130 99 431 141 2960 Remotely . | . . . . . . . . . . . . . . . . . . . . . . . Salvage Created 58403 | . . 348 24 111 . 55 14 . 28 136 211 73 329 . . 312 13 166 281 12386 15900 28016 Parts 1726 | . . 14 5 15 . 2 7 . 4 4 18 3 13 . . 20 4 12 10 172 481 942 Haulers Intercepted 11 | . . 2 . 2 . 1 . . . . . . 2 . . . . . 1 . 3 . Recyclers Shooed 3 | . . . . . . . 2 . . . . . 1 . . . . . . . . . Parts Field Recycled . | . . . . . . . . . . . . . . . . . . . . . . . Retrieved Matter . | . . . . . . . . . . . . . . . . . . . . . . . Parts Self-Destructed . | . . . . . . . . . . . . . . . . . . . . . . . Prevented . | . . . . . . . . . . . . . . . . . . . . . . . Kills | -11 -10 -9 -8 -7 -7 -7 -6 -5 -5 -5 -5 -5 -4 -4 -4 -3 -3 -2 -2 -2 -1 -1 ------- Run | Scr Mat Mat Mat Fac Was Fac Fac Fac Ext Cet Arc Hub Fac Arm Lab Res Qua Res Tes Sec Acc Com Combat Hostiles Destroyed 824 | . . 7 . 4 . . 3 . . 1 . 1 . . . 3 . . 1 151 179 474 Melee 7 | . . 1 . . . . . . . 1 . 1 . . . 3 . . 1 . . . Guns 20 | . . . . . . . . . . . . . . . . . . . . 8 4 8 Cannons 589 | . . . . . . . . . . . . . . . . . . . . 143 174 272 AOE 204 | . . 4 . 4 . . 3 . . . . . . . . . . . . . . 193 Classes Destroyed 28 | . . 8 1 . . . 1 . . . . . . . . 1 . 1 . 11 2 3 Worker 13 | . . 2 . . . 1 . . . . . . 1 . . . . . . . 6 3 Builder 14 | . . . 1 3 . . . . . . . . 1 . . 1 1 2 . . 5 . Tunneler 4 | . . 1 . . . . . . . . . . . . . . . . . . 3 . Hauler 11 | . . 2 . 2 . 1 . . . . . . 2 . . . . . 1 . 3 . Recycler 7 | . . 1 . . . . . . . . . . . . . . . . . . 1 5 Carrier 6 | . . . . . . . . . . . . . . . . . . . . 2 1 3 Mechanic 21 | . . . . . . . . . . . . . . . . . . 1 . 6 5 9 Operator 3 | . . . . . . . 1 . . . . . . . . . . 1 . . 1 . Watcher 24 | . . 3 . . . . . . 1 . . . 2 . . 1 . 1 2 1 6 7 Swarmer 71 | . . 4 . 3 . . 3 . . . . . . . . . . . . . 3 58 Cutter 10 | . . . . . . . . . . . . . . . . . . . . . . 10 Saboteur 26 | . . . . . . . . . . . . . . . . . . . . 8 5 13 Grunt 264 | . . 1 . 1 . . . . . . . . . . . . . . 1 43 85 133 Brawler 50 | . . . . . . . . . . . . . . . . . . . . 10 8 32 Duelist 54 | . . . . . . . . . . . . . . . . . . . . 10 10 34 Protector 31 | . . . . . . . . . . . . . . . . . . . . 5 9 17 Sentry 18 | . . 2 . . . . . . . . . 1 . . . 2 . . . . 7 6 Demolisher 11 | . . . . . . . . . . . . . . . . . . . . . . 11 Specialist 24 | . . . . . . . . . . . . . . . . . . . . . . 24 Hunter 83 | . . . . . . . . . . . . . . . . . . . . 17 13 53 Programmer 112 | . . . . . . . . . . . . . . . . 1 . . . 30 21 60 Heavy 2 | . . . . . . . . . . . . . . . . . . . . . 1 1 Behemoth 8 | . . . . . . . . . . . . . . . . . . . . 2 4 2 Cetus Guard 1 | . . . . . . . . . . 1 . . . . . . . . . . . . S7 Guard 2 | . . . . . . . . . . . . . . . . . . . . 2 . . M Guard 2 | . . . . . . . . . . . . . . . . . . . . . . 2 M Shell/Atk 1 | . . . . . . . . . . . . . . . . . . . . . . 1 Tracker 4 | . . . . . . . . . . . . . . . . . . . . 2 2 . Combat Programmer 4 | . . . . . . . . . . . . . . . . . . . . . 2 2 Investigator 5 | . . . . . . . . . . . . . . . . . . . . 2 1 2 Striker 25 | . . . . . . . . . . . . . . . . . . . . 10 6 9 Executioner 23 | . . . . . . . . . . . . . . . . . . . . 11 3 9 Alpha 7 3 | . . . . . . . . . . . . . . . . . . . . 1 . 2 Assembled 2 | . . . . . . . . . . . . . . . . . . . . . 2 . Best Kill Streak 80 | . . 12 1 5 . 1 3 . 1 1 . 1 2 . . 2 1 2 3 57 59 80 Combat Bots Only 80 | . . 4 . 3 . . 3 . . 1 . 1 . . . 2 . . 1 51 51 80 Max Kills in Single Turn 12 | . . 4 1 3 . 1 2 . 1 1 . 1 1 . . 1 1 1 1 5 4 12 Gunslinging . | . . . . . . . . . . . . . . . . . . . . . . . Exploded 12 | . . 4 . 2 . . 2 . . . . . . . . . . . . . . 12 Melee 1 | . . 1 . . . . . . . 1 . 1 . . . 1 . . 1 . . . Uniques/NPCs Destroyed 3 | . . . . . . . . . . 1 . . . . . . . . . . . 2 A7 (-5/Cetus) MAIN.C Shell (-1/Command) MAIN.C (-1/Command) Combat | -11 -10 -9 -8 -7 -7 -7 -6 -5 -5 -5 -5 -5 -4 -4 -4 -3 -3 -2 -2 -2 -1 -1 -------- Run | Scr Mat Mat Mat Fac Was Fac Fac Fac Ext Cet Arc Hub Fac Arm Lab Res Qua Res Tes Sec Acc Com Damage Taken 14289 | . . 446 71 46 . . 171 45 448 539 . 407 143 516 . 791 94 269 112 3323 2537 4331 Core 4104 | . . 89 23 12 . . . 17 83 130 . 26 . 114 . 127 19 109 22 1277 733 1323 Absorbed by Shields 6632 | . . . . . . . . . 28 30 . . . . . . . . . 970 1533 4071 Regen/Repaired (Parts) 471 | . . . . . . . . 46 59 . . . . . . 82 177 95 12 . . . Core Remaining (%) 83 | 100 100 77 95 . . 98 100 . . . . 74 . . 90 . 88 . . 9 . . Volleys Fired 822 | . 2 2 7 3 . 17 10 . . . . . . . . 2 8 26 9 157 210 369 Largest 2 | . 1 1 2 1 . 1 1 . . . . . . . . 1 1 1 1 2 2 2 Hottest 300 | . 50 30 98 30 . 23 30 . . . . . . . . 30 100 100 100 300 280 300 Shots Fired 985 | . 2 2 8 3 . 17 10 . . . . . . . . 2 8 26 9 210 241 447 Gun 245 | . 2 . 5 1 . 17 4 . . . . . . . . . . . . 60 59 97 Cannon 649 | . . . 3 . . . . . . . . . . . . . 8 26 9 150 182 271 Launcher 91 | . . 2 . 2 . . 6 . . . . . . . . 2 . . . . . 79 Special . | . . . . . . . . . . . . . . . . . . . . . . . Kinetic 27 | . . . 5 1 . 17 4 . . . . . . . . . . . . . . . Thermal 70 | . 2 . 3 . . . . . . . . . . . . . 8 26 9 21 . 1 Explosive 91 | . . 2 . 2 . . 6 . . . . . . . . 2 . . . . . 79 Electromagnetic . | . . . . . . . . . . . . . . . . . . . . . . . Slashing 797 | . . . . . . . . . . . . . . . . . . . . 189 241 367 Robot Hit Streak 32 | . . . 1 2 . 17 2 . . . . . . . . . 2 6 10 32 29 32 Robot Miss Streak 11 | . 2 3 1 1 . 1 4 . . . . . . . . . . . . 9 10 11 Penetration Max 1 | . . . . . . . . . . . . . . . . . . . . 1 1 1 Secondary Targets . | . . . . . . . . . . . . . . . . . . . . . . . Capacitor 159 | . . . . . . . . . . . . . . . . . . . . 6 153 . Shots Hit Robots 830 | . . 28 3 2 . 16 3 . 8 26 12 3 13 . . 22 1 6 6 148 209 324 Core Hits 2149 | . . 9 1 12 . 4 9 . 2 6 6 2 5 . . 7 1 5 5 394 482 1199 Critical Kills . | . . . . . . . . . . . . . . . . . . . . . . . Critical Parts Destroyed 4 | . . 4 . . . . . . . . . . . . . . . . . . . . Critical Strikes 127 | . . 4 . . . . . . 2 . . 1 2 . . 1 . . . 28 36 53 Smash 4 | . . 4 . . . . . . . . . . . . . . . . . . . . Sever 123 | . . . . . . . . . 2 . . 1 2 . . 1 . . . 28 36 53 Melee Attacks 198 | . . 39 . . . . . . 12 30 12 7 30 15 3 30 2 8 9 1 . . Impact 39 | . . 39 . . . . . . . . . . . . . . . . . . . . Slashing 159 | . . . . . . . . . 12 30 12 7 30 15 3 30 2 8 9 1 . . Piercing . | . . . . . . . . . . . . . . . . . . . . . . . Sneak Attacks 42 | . . 7 . . . . . . 1 22 . . 5 . . 4 . 1 2 . . . Combat Hostiles 2 | . . . . . . . . . 1 . . . . . . . . . 1 . . . Follow-up Attacks . | . . . . . . . . . . . . . . . . . . . . . . . Damage Inflicted 213352 | . . 1380 89 1041 . 240 410 . 376 1316 1021 102 827 . . 1272 49 720 436 38698 51635 113740 Guns 8825 | . . . 43 16 . 240 30 . . . . . . . . . . . . 2984 2387 3125 Cannons 149424 | . . . . . . . . . . . . . . . . . 49 537 243 35677 48825 64093 Explosions 48197 | . . 250 . 1025 . . 380 . . . . . . . . . . . . . 136 46406 Melee 6420 | . . 1130 . . . . . . 376 1316 1021 102 827 . . 1272 . 183 193 . . . Ramming 486 | . . . 46 . . . . . . . . . . . . . . . . 37 287 116 Kinetic 329 | . . . 43 16 . 240 30 . . . . . . . . . . . . . . . Thermal 1142 | . . . . . . . . . . . . . . . . . 49 537 243 313 . . Explosive 48197 | . . 250 . 1025 . . 380 . . . . . . . . . . . . . 136 46406 Electromagnetic . | . . . . . . . . . . . . . . . . . . . . . . . Impact 1130 | . . 1130 . . . . . . . . . . . . . . . . . . . . Slashing 162068 | . . . . . . . . . 376 1316 1021 102 827 . . 1272 . 183 193 38348 51212 67218 Piercing . | . . . . . . . . . . . . . . . . . . . . . . . Highest Corruption 5 | . . . . . . . . . . . . . . 5 5 2 2 . . . . . Average Corruption 3 | . . . . . . . . . . . . . . 3 5 1 2 . . . . . Corruption Purged . | . . . . . . . . . . . . . . . . . . . . . . . Corruption Blocked 40 | . . . . . . . . . . . . . . . . . . . 40 . . . Effects 11 | . . . . . . . . . . . . . . 1 6 . 4 . . . . . Message Errors 3 | . . . . . . . . . . . . . . . 1 . 2 . . . . . Matter Fused 4 | . . . . . . . . . . . . . . . 3 . 1 . . . . . Heat Flow Errors 1 | . . . . . . . . . . . . . . . 1 . . . . . . . Energy Discharges 2 | . . . . . . . . . . . . . . . 1 . 1 . . . . . Parts Rejected 1 | . . . . . . . . . . . . . . 1 . . . . . . . . Overload Shots . | . . . . . . . . . . . . . . . . . . . . . . . Overflow Damage 5757 | . . 378 . 8 . . . . 49 96 226 . 67 . . 240 . 128 18 620 1228 2699 Projectiles 2714 | . . . . . . . . . . . . . . . . . . 11 18 620 1103 962 Explosions 1779 | . . . . 8 . . . . . . . . . . . . . . . . 51 1720 Melee 1264 | . . 378 . . . . . . 49 96 226 . 67 . . 240 . 117 . . 74 17 Knockbacks 4 | . . 3 1 . . . . . . . . . . . . . . . . . . . Impact 4 | . . 3 1 . . . . . . . . . . . . . . . . . . . Kinetic . | . . . . . . . . . . . . . . . . . . . . . . . Secondary . | . . . . . . . . . . . . . . . . . . . . . . . Self-Inflicted Damage 585 | . . . 23 . . . 35 . . . . . . . . . . . . . 44 483 Shots 12 | . . . . . . . 1 . . . . . . . . . . . . . 1 10 Rammed 1 | . . . 1 . . . . . . . . . . . . . . . . . . . Targets Rammed 17 | . . . 1 . . . . . . . . . . . . . . . . 2 10 4 Kicked 16 | . . . . . . . . . . . . . . . . . . . . 2 10 4 Crushed . | . . . . . . . . . . . . . . . . . . . . . . . Highest Temperature 230 | . 30 14 97 10 48 86 61 48 80 45 17 55 33 16 230 . . 190 121 152 186 85 Average Temperature 34 | . 18 7 30 4 17 25 21 22 25 16 7 20 21 13 129 . . 56 31 47 41 36 Received Heat Transfer 1357 | . . 123 9 . . . 27 . 96 75 . 27 27 . . 54 9 9 . 169 303 429 Siege Activations . | . . . . . . . . . . . . . . . . . . . . . . . Robots Corrupted . | . . . . . . . . . . . . . . . . . . . . . . . Combat Hostiles . | . . . . . . . . . . . . . . . . . . . . . . . Parts Fried 10 | . . 10 . . . . . . . . . . . . . . . . . . . . Impact Corruptions 21 | . . 16 . . . . . . . . . . . . . . . . . . 4 1 Robots Melted . | . . . . . . . . . . . . . . . . . . . . . . . Combat Hostiles . | . . . . . . . . . . . . . . . . . . . . . . . Parts Melted 9 | . . . . . . . . . . . . . . . . 1 . . . . 6 2 Heat Transferred 943 | . . . . . . . . . . . . . . . . . 37 444 203 259 . . Parts Sabotaged . | . . . . . . . . . . . . . . . . . . . . . . . Parts Stolen . | . . . . . . . . . . . . . . . . . . . . . . . Parts Stripped . | . . . . . . . . . . . . . . . . . . . . . . . Power Chain Reactions . | . . . . . . . . . . . . . . . . . . . . . . . Missiles Intercepted 4 | . . . . . . . . . . . . . . . . . . . . . . 4 Alert | -11 -10 -9 -8 -7 -7 -7 -6 -5 -5 -5 -5 -5 -4 -4 -4 -3 -3 -2 -2 -2 -1 -1 ------- Run | Scr Mat Mat Mat Fac Was Fac Fac Fac Ext Cet Arc Hub Fac Arm Lab Res Qua Res Tes Sec Acc Com Peak Influence 21464 | . 82 518 333 693 242 539 588 312 569 546 439 233 214 735 . 208 376 420 278 6286 10643 21464 Initial 6811 | . . 34 218 151 242 169 263 287 167 212 211 153 . 126 . . 117 129 70 164 3771 6811 Average 5851 | . 36 272 245 340 242 335 373 294 367 417 312 188 62 202 . 68 193 249 177 3706 8281 13418 Maximum Alert Level 5 | . . 2 1 2 1 2 2 1 2 2 2 1 1 3 . 1 1 2 1 5 5 5 Low Security (%) 17 | 100 100 37 . 34 . 35 . . 7 . . 27 98 71 . 99 58 52 65 7 . . Level 1 16 | . . 37 100 38 100 22 63 100 58 67 64 73 1 12 . . 41 47 34 9 . . Level 2 5 | . . 25 . 26 . 42 36 . 34 32 35 . . 12 . . . . . . . . Level 3 . | . . . . . . . . . . . . . . 3 . . . . . . . . Level 4 . | . . . . . . . . . . . . . . . . . . . . . . . Level 5 5 | . . . . . . . . . . . . . . . . . . . . . 8 16 High Security 20 | . . . . . . . . . . . . . . . . . . . . . . 83 Max Security 34 | . . . . . . . . . . . . . . . . . . . . 82 91 . Sterilizations 2 | . . . . . . . . . . . . . . . . . . . . 1 1 . Squads Dispatched 141 | . . 2 1 3 . 3 3 . 3 . . 1 1 5 . 3 . 1 3 44 39 29 Investigation 18 | . . 2 1 1 . 1 2 . 3 . . . 1 4 . 1 . . . . 1 1 Extermination . | . . . . . . . . . . . . . . . . . . . . . . . Reinforcement 16 | . . . . 2 . 2 1 . . . . 1 . 1 . 2 . 1 2 1 2 1 Assault 100 | . . . . . . . . . . . . . . . . . . . 1 42 30 27 Garrison 3 | . . . . . . . . . . . . . . . . . . . . . 3 . Intercept 4 | . . . . . . . . . . . . . . . . . . . . 1 3 . Searches Triggered 1 | . . . . . . . . . . . . . . . . . . 1 . . . . Construction Impeded 3 | . . . . 1 . . . . . . . . . . . . . . . . 2 . Haulers Reinforced 3 | . . . . 1 . 2 . . . . . . . . . . . . . . . . Active Scanning Responses . | . . . . . . . . . . . . . . . . . . . . . . . Cargo Convoy Interrupts . | . . . . . . . . . . . . . . . . . . . . . . . Stealth | -11 -10 -9 -8 -7 -7 -7 -6 -5 -5 -5 -5 -5 -4 -4 -4 -3 -3 -2 -2 -2 -1 -1 --------- Run | Scr Mat Mat Mat Fac Was Fac Fac Fac Ext Cet Arc Hub Fac Arm Lab Res Qua Res Tes Sec Acc Com Distress Signals 27 | . . 1 . . . . 1 . . 2 . 1 1 1 . 1 1 1 . 4 3 10 Communications Jammed 18 | . . . . . . . . . . . . . . 1 . . . 3 14 . . . Distress Signals 18 | . . . . . . . . . . . . . . 1 . . . 3 14 . . . Times Spotted 1253 | . 4 21 11 6 . 9 17 4 26 10 15 8 20 34 . 12 9 13 10 238 251 535 Peak Tracking Total 74 | . 2 9 14 4 . 3 7 4 9 5 16 7 18 29 . 11 9 8 6 28 25 74 Tactical Retreats 75 | . . 3 1 2 . . 3 1 5 . . . 1 5 . 1 2 1 2 16 8 24 Traps | -11 -10 -9 -8 -7 -7 -7 -6 -5 -5 -5 -5 -5 -4 -4 -4 -3 -3 -2 -2 -2 -1 -1 ------- Run | Scr Mat Mat Mat Fac Was Fac Fac Fac Ext Cet Arc Hub Fac Arm Lab Res Qua Res Tes Sec Acc Com Traps Triggered 26 | . . 3 1 2 . . . . 2 . . . . 3 . . . . . 1 9 5 Indirectly . | . . . . . . . . . . . . . . . . . . . . . . . Trap Hack Attempts . | . . . . . . . . . . . . . . . . . . . . . . . Triggered . | . . . . . . . . . . . . . . . . . . . . . . . Disarmed . | . . . . . . . . . . . . . . . . . . . . . . . Reprogrammed . | . . . . . . . . . . . . . . . . . . . . . . . Reused . | . . . . . . . . . . . . . . . . . . . . . . . Traps Extracted . | . . . . . . . . . . . . . . . . . . . . . . . Installed . | . . . . . . . . . . . . . . . . . . . . . . . Triggered . | . . . . . . . . . . . . . . . . . . . . . . . Machines | -11 -10 -9 -8 -7 -7 -7 -6 -5 -5 -5 -5 -5 -4 -4 -4 -3 -3 -2 -2 -2 -1 -1 ---------- Run | Scr Mat Mat Mat Fac Was Fac Fac Fac Ext Cet Arc Hub Fac Arm Lab Res Qua Res Tes Sec Acc Com Machines Disabled 88 | . . . . 23 . . 5 . . . . . . . 1 . 2 1 1 28 13 14 Max in Single Turn 8 | . . . . 8 . . 5 . . . . . . . 1 . 1 1 1 3 1 2 Garrison Access 3 | . . . . . . . . . . . . . . . . . 1 . . 1 1 . Energy Cycler 1 | . . . . . . . . . . . . . . . . . . . . . 1 . Machines Sabotaged . | . . . . . . . . . . . . . . . . . . . . . . . Overloaded Fab Kills . | . . . . . . . . . . . . . . . . . . . . . . . Hacking | -11 -10 -9 -8 -7 -7 -7 -6 -5 -5 -5 -5 -5 -4 -4 -4 -3 -3 -2 -2 -2 -1 -1 --------- Run | Scr Mat Mat Mat Fac Was Fac Fac Fac Ext Cet Arc Hub Fac Arm Lab Res Qua Res Tes Sec Acc Com Machines Accessed 96 | . 7 5 2 2 . 5 5 2 14 . . 4 4 11 . 4 6 5 6 5 4 5 Terminals 75 | . 7 4 2 1 . 2 3 1 13 . . 4 3 6 . 4 4 4 5 4 4 4 Fabricators 8 | . . . . 1 . . 1 . . . . . 1 4 . . . . 1 . . . Repair Stations 6 | . . . . . . 1 . 1 1 . . . . . . . 1 1 . . . 1 Recycling Units 5 | . . 1 . . . 2 1 . . . . . . 1 . . . . . . . . Scanalyzers . | . . . . . . . . . . . . . . . . . . . . . . . Garrison Access 2 | . . . . . . . . . . . . . . . . . 1 . . 1 . . Total Hacks 288 | . 26 12 9 5 . 9 10 4 30 . . 17 18 28 . 14 24 18 26 18 9 11 Successful 163 | . 17 4 4 3 . 3 4 3 17 . . 13 11 15 . 6 14 9 18 12 5 5 Failed 125 | . 9 8 5 2 . 6 6 1 13 . . 4 7 13 . 8 10 9 8 6 4 6 Catastrophic 22 | . 1 3 . . . 4 3 . 1 . . . 1 2 . . 2 2 1 . . 2 Database Lockouts . | . . . . . . . . . . . . . . . . . . . . . . . Manual 196 | . 25 12 9 2 . 5 6 . 15 1 . 10 16 21 . 9 16 13 18 12 1 5 Terminals 250 | . 26 11 9 4 . 5 7 1 28 . . 17 14 21 . 14 20 15 23 17 9 9 Fabricators 15 | . . . . 1 . . 2 . . . . . 4 5 . . . . 3 . . . Repair Stations 14 | . . . . . . 2 . 3 2 . . . . . . . 2 3 . . . 2 Recycling Units 6 | . . 1 . . . 2 1 . . . . . . 2 . . . . . . . . Scanalyzers . | . . . . . . . . . . . . . . . . . . . . . . . Garrison Access 3 | . . . . . . . . . . . . . . . . . 2 . . 1 . . Terminal Hacks 83 | . 9 2 1 2 . . . 1 10 . . 9 4 5 . 5 6 7 10 7 4 1 Part Schematic 1 | . . . . . . . . . 1 . . . . . . . . . . . . . Robot Analysis 1 | . . . . . . . . . . . . . . . . . . . . 1 . . Prototype ID Bank 12 | . 7 . . . . . . . . . . . 2 . . 1 1 . 1 . . . Open Door 10 | . . . . . . . . 1 5 . . . . . . 1 . . . . 3 . Level Access Points 4 | . . 1 1 . . . . . . . . . . . . . 1 . . 1 . . Branch Access Points 4 | . 1 . . . . . . . . . . . 1 . . 1 . 1 . . . . Emergency Access Points 1 | . . . . . . . . . . . . . . . . . . . 1 . . . Machine Index 2 | . . . . . . . . . . . . . . . . 1 . . . 1 . . Terminal Index 8 | . . . . . . . . . 1 . . 1 1 1 . . 1 1 . . 1 1 Alert Level 7 | . . . . . . . . . . . . 2 . 1 . . . 1 2 1 . . Unreport Threat 10 | . . . . . . . . . 3 . . 2 . 1 . . 1 1 . 2 . . Locate Traps 1 | . . . . . . . . . . . . . . . . 1 . . . . . . Maintenance Status 2 | . . . . . . . . . . . . . . . . . . 1 1 . . . Patrol Status 2 | . . . . . . . . . . . . . . 1 . . . 1 . . . . Transport Status 1 | . . . . 1 . . . . . . . . . . . . . . . . . . Reinforcement Status 1 | . . . . . . . . . . . . . . . . . . 1 . . . . Hauler Manifests 4 | . 1 1 . 1 . . . . . . . . . . . . . . 1 . . . Zone Layout 10 | . . . . . . . . . . . . 4 . 1 . . 2 . 2 1 . . Protovariant Controls 2 | . . . . . . . . . . . . . . . . . . . 2 . . . Fabricator Hacks 6 | . . . . 1 . . . . . . . . 2 2 . . . . 1 . . . Network Status 5 | . . . . 1 . . . . . . . . 1 2 . . . . 1 . . . Build 1 | . . . . . . . . . . . . . 1 . . . . . . . . . Repair Station Hacks 10 | . . . . . . 1 . 2 2 . . . . . . . 2 2 . . . 1 Scan Component 6 | . . . . . . 1 . 1 1 . . . . . . . 1 1 . . . 1 Repair 4 | . . . . . . . . 1 1 . . . . . . . 1 1 . . . . Recycling Unit Hacks 2 | . . . . . . 1 1 . . . . . . . . . . . . . . . Retrieve Components 2 | . . . . . . 1 1 . . . . . . . . . . . . . . . Scanalyzer . | . . . . . . . . . . . . . . . . . . . . . . . Garrison Access Hacks 2 | . . . . . . . . . . . . . . . . . 1 . . 1 . . Seal Access 2 | . . . . . . . . . . . . . . . . . 1 . . 1 . . Unauthorized Hacks 60 | . 8 2 3 . . 1 3 . 5 . . 4 5 8 . 1 5 . 7 4 1 3 Terminals 53 | . 8 1 3 . . 1 3 . 5 . . 4 3 5 . 1 5 . 6 4 1 3 Track 6 | . . . . . . . . . . . . . 1 2 . . 1 . 1 1 . . Assimilate 13 | . 5 1 1 . . . 2 . . . . 1 1 . . . . . 1 1 . . Botnet 27 | . 2 . 1 . . 1 . . 5 . . 1 1 3 . 1 3 . 3 2 1 3 Detonate 2 | . . . . . . . . . . . . 2 . . . . . . . . . . Operators 5 | . 1 . 1 . . . 1 . . . . . . . . . 1 . 1 . . . Fabricators 6 | . . . . . . . . . . . . . 2 3 . . . . 1 . . . Prioritize 1 | . . . . . . . . . . . . . 1 . . . . . . . . . Fabnet 3 | . . . . . . . . . . . . . . 2 . . . . 1 . . . Haulers 1 | . . . . . . . . . . . . . 1 . . . . . . . . . Overload 1 | . . . . . . . . . . . . . . 1 . . . . . . . . Repair Stations . | . . . . . . . . . . . . . . . . . . . . . . . Recycling Units 1 | . . 1 . . . . . . . . . . . . . . . . . . . . Tunnel 1 | . . 1 . . . . . . . . . . . . . . . . . . . . Scanalyzers . | . . . . . . . . . . . . . . . . . . . . . . . Garrison Access . | . . . . . . . . . . . . . . . . . . . . . . . Data Cores Recovered 1 | . . . . . . . . . . . . . . . . . . . . . 1 . Used . | . . . . . . . . . . . . . . . . . . . . . . . Hacking Detections 76 | . 7 4 1 1 . 5 5 1 10 . . 3 4 8 . 3 4 5 4 4 2 5 Full Trace Events 13 | . . 1 . . . 1 2 . 2 . . . 1 3 . 1 . . . . 1 1 Feedback Events 1 | . . . . . . . . . . . . . . 1 . . . . . . . . Corruption 1 | . . . . . . . . . . . . . . 1 . . . . . . . . Feedback Blocked . | . . . . . . . . . . . . . . . . . . . . . . . Robot Schematics Acquired . | . . . . . . . . . . . . . . . . . . . . . . . Robots Built . | . . . . . . . . . . . . . . . . . . . . . . . Authchips . | . . . . . . . . . . . . . . . . . . . . . . . Time . | . . . . . . . . . . . . . . . . . . . . . . . Total Robot Build Rating . | . . . . . . . . . . . . . . . . . . . . . . . Part Schematics Acquired 1 | . . . . . . . . . 1 . . . . . . . . . . . . . Parts Built 2 | . . . . . . . . . . . . . 2 . . . . . . . . . Authchips . | . . . . . . . . . . . . . . . . . . . . . . . Time 139 | . . . . . . . . . . . . . 139 . . . . . . . . . Total Part Build Rating 18 | . . . . . . . . . . . . . 18 . . . . . . . . . Parts Repaired 4 | . . . . . . . . 1 1 . . . . . . . 1 1 . . . . Time 121 | . . . . . . . . 35 35 . . . . . . . 20 31 . . . . Parts Recycled . | . . . . . . . . . . . . . . . . . . . . . . . Recycled Matter . | . . . . . . . . . . . . . . . . . . . . . . . Retrieved Matter . | . . . . . . . . . . . . . . . . . . . . . . . Retrieved Components 5 | . . . . . . 3 2 . . . . . . . . . . . . . . . Parts Scanalyzed . | . . . . . . . . . . . . . . . . . . . . . . . Part Schematics Acquired . | . . . . . . . . . . . . . . . . . . . . . . . Parts Damaged . | . . . . . . . . . . . . . . . . . . . . . . . Bothacking | -11 -10 -9 -8 -7 -7 -7 -6 -5 -5 -5 -5 -5 -4 -4 -4 -3 -3 -2 -2 -2 -1 -1 ------------ Run | Scr Mat Mat Mat Fac Was Fac Fac Fac Ext Cet Arc Hub Fac Arm Lab Res Qua Res Tes Sec Acc Com Used RIF Installer . | . . . . . . . . . . . . . . . . . . . . . . . Robots Hacked 33 | . . . . . . . . . . . . . . . . . . . . 5 5 23 Non-combat . | . . . . . . . . . . . . . . . . . . . . . . . Combat 33 | . . . . . . . . . . . . . . . . . . . . 5 5 23 Robot Hacks Applied . | . . . . . . . . . . . . . . . . . . . . . . . Relay Couplers Released 4 | . . . . . . . . . . . . . . . . . . . . . 4 . Programmers 4 | . . . . . . . . . . . . . . . . . . . . . 4 . Fabnet Peak Effective % 6 | . . . . . . . . . . . . . . . . 6 6 2 2 2 3 3 Autooverrided 33 | . . . . . . . . . . . . . . . . . . . . 5 5 23 Robots Rewired 13 | . . . . . . . . . 13 . . . . . . . . . . . . . Allies Hacked . | . . . . . . . . . . . . . . . . . . . . . . . Hacks Repelled . | . . . . . . . . . . . . . . . . . . . . . . . Allies | -11 -10 -9 -8 -7 -7 -7 -6 -5 -5 -5 -5 -5 -4 -4 -4 -3 -3 -2 -2 -2 -1 -1 -------- Run | Scr Mat Mat Mat Fac Was Fac Fac Fac Ext Cet Arc Hub Fac Arm Lab Res Qua Res Tes Sec Acc Com Total Allies 226 | . 2 1 1 . 20 . 1 . 20 5 . 1 1 . . . . . 1 6 97 70 Largest Group 20 | . 2 3 1 . 20 6 1 . 8 13 8 1 1 . . . . . 1 1 8 4 Highest-Rated Group 858 | . 20 30 10 . 481 84 14 . 378 858 492 10 26 . . . . . 45 42 116 112 Highest-Rated Ally 159 | . 10 10 10 . 35 14 14 . 159 159 96 10 26 . . . . . 45 42 82 82 Total Orders 2 | . . 2 . . . . . . . . . . . . . . . . . . . . STAY 1 | . . 1 . . . . . . . . . . . . . . . . . . . . FOLLOW 1 | . . 1 . . . . . . . . . . . . . . . . . . . . Ally Attacks 322 | . . . . . . 99 6 . 54 70 30 . . . . . . . . 6 28 29 Total Damage 7116 | . . . . . . 960 71 . 1498 2119 1051 . . . . . . . . 154 548 715 Kills 47 | . . . . . . 13 . . 18 8 5 . . . . . . . . . 2 1 Allies Corrupted 1 | . . . . . . . . . . . . . . . . . . . . . . 1 Allies Melted . | . . . . . . . . . . . . . . . . . . . . . . . Intel | -11 -10 -9 -8 -7 -7 -7 -6 -5 -5 -5 -5 -5 -4 -4 -4 -3 -3 -2 -2 -2 -1 -1 ------- Run | Scr Mat Mat Mat Fac Was Fac Fac Fac Ext Cet Arc Hub Fac Arm Lab Res Qua Res Tes Sec Acc Com Robot Analysis Total 1 | . . . . . . . . . . . . . . . . . . . . 1 . . Derelict Logs Recovered . | . . . . . . . . . . . . . . . . . . . . . . . Drone Launches 8 | . . . . . . . . . 7 1 . . . . . . . . . . . . Drone Recoveries 5 | . . . . . . . . . 5 . . . . . . . . . . . . . Exploration | -11 -10 -9 -8 -7 -7 -7 -6 -5 -5 -5 -5 -5 -4 -4 -4 -3 -3 -2 -2 -2 -1 -1 ------------- Run | Scr Mat Mat Mat Fac Was Fac Fac Fac Ext Cet Arc Hub Fac Arm Lab Res Qua Res Tes Sec Acc Com Turns Passed 10725 | 21 245 323 102 129 159 187 184 77 348 327 65 200 244 207 258 301 282 267 176 1594 2484 2545 Spaces Moved 14932 | 26 573 438 219 328 269 510 518 158 533 215 106 240 619 499 300 361 383 411 470 2004 2850 2902 Core 68 | 25 43 . . . . . . . . . . . . . . . . . . . . . Treads 1 | 1 . . . . . . . . . . . . . . . . . . . . . . Legs 7197 | . . . . . . . . . . . . . . . . . . . . 1445 2850 2902 Wheels . | . . . . . . . . . . . . . . . . . . . . . . . Hover . | . . . . . . . . . . . . . . . . . . . . . . . Flight 7419 | . 530 438 219 328 269 510 518 158 533 215 106 240 619 499 300 361 383 411 470 312 . . Fastest Speed 15 | 50 32 29 26 25 25 25 18 21 21 21 23 22 17 17 23 23 24 22 19 15 30 30 Average Speed 37 | 54 33 30 26 26 25 25 24 23 21 22 23 52 21 22 24 51 26 29 19 42 59 37 Slowest Speed 250 | 160 50 195 26 28 28 25 25 25 28 25 23 177 26 250 95 100 99 240 22 119 75 90 Overloaded Moves 132 | . . . . . . . 11 . . . . 16 17 11 . . . . . 77 . . Propulsion Burnouts . | . . . . . . . . . . . . . . . . . . . . . . . Robots Hopped 73 | . 1 7 1 1 . 3 6 6 12 . . 4 9 1 . 6 5 3 3 5 . . Cave-ins Triggered 3 | . . . . . . . . . . . . . . . . . . . . 1 2 . Teleports 1 | . . . . . . . . . . . . . . . . . . . . 1 . . Microwarps 18 | . . . . . . . . . . . . . . . . . . . . 18 . . Exploration Rate (%) 45 | 3 65 43 22 12 97 20 23 7 74 57 81 21 21 47 95 10 58 17 57 80 67 65 Regions Visited 22 Branch Regions 10 Pre-discovered Areas 1 | . . 1 . . . . . . . . . . . . . . . . . . . . Known Exits Taken 17 | . . 1 1 . . 1 1 1 1 1 1 1 1 1 1 1 1 1 1 1 . . Unknown Exits Taken 3 | 1 1 . . . . . . . . . . . . . . . . . . . 1 . Scrap Searched . | . . . . . . . . . . . . . . . . . . . . . . . Spaces Dug 310 | . . 4 2 . . . . . . 1 . 3 7 15 . 11 6 13 8 27 44 169 Terrain Destroyed 3144 | . . 18 3 31 . . 75 . . 1 . 3 7 15 . 20 7 19 8 197 818 1922 Melee 46 | . . 4 . . . . . . . 1 . 3 7 15 . 4 1 6 5 . . . Projectile 1932 | . . . 3 . . . . . . . . . . . . . 6 13 3 197 766 944 AOE 1165 | . . 14 . 31 . . 75 . . . . . . . . 16 . . . . 51 978 Terrain Rammed . | . . . . . . . . . . . . . . . . . . . . . . . Walls Destroyed . | . . . . . . . . . . . . . . . . . . . . . . . Machines Disabled . | . . . . . . . . . . . . . . . . . . . . . . . Actions | -11 -10 -9 -8 -7 -7 -7 -6 -5 -5 -5 -5 -5 -4 -4 -4 -3 -3 -2 -2 -2 -1 -1 --------- Run | Scr Mat Mat Mat Fac Was Fac Fac Fac Ext Cet Arc Hub Fac Arm Lab Res Qua Res Tes Sec Acc Com Total 18665 | 30 624 543 254 367 360 549 557 191 733 448 126 298 675 567 486 420 546 512 527 2404 3551 3897 Wait 2349 | . 35 46 14 23 80 13 21 35 124 192 . 52 14 24 142 19 147 61 34 314 415 544 Move 14542 | 25 570 424 217 326 268 503 505 147 509 214 105 231 602 496 299 349 372 404 463 1764 2847 2902 Hop 66 | . 1 6 1 1 . 3 6 4 11 . . 4 7 1 . 5 5 3 3 5 . . Pick Up 105 | 1 6 5 6 2 2 3 3 1 4 1 . . 3 3 17 . 3 . . 29 7 9 Fast Attach 142 | 4 4 8 1 4 2 3 3 1 2 1 3 . 9 11 4 9 2 5 3 49 7 7 Attach 61 | . . 5 4 1 . . 1 3 1 2 . 1 3 4 2 2 2 . . 8 15 7 Detach 51 | . 1 . 1 1 . . 2 . 1 1 1 1 2 3 1 2 1 1 . 16 10 6 Swap 74 | . . 5 2 2 3 1 3 . 2 4 3 2 . 5 . . 1 4 3 1 8 25 Drop 136 | . 5 3 1 4 5 6 3 . 3 3 2 . 5 5 18 2 3 . 3 45 11 9 Fire 822 | . 2 2 7 3 . 17 10 . . . . . . . . 2 8 26 9 157 210 369 Melee 198 | . . 39 . . . . . . 12 30 12 7 30 15 3 30 2 8 9 1 . . Ram . | . . . . . . . . . . . . . . . . . . . . . . . Kick 16 | . . . . . . . . . . . . . . . . . . . . 2 10 4 Crush . | . . . . . . . . . . . . . . . . . . . . . . . Escape Stasis 49 | . . . . . . . . . 10 . . . . . . . . . . 13 11 15 Rewire 54 | . . . . . . . . . 54 . . . . . . . . . . . . . Trap . | . . . . . . . . . . . . . . . . . . . . . . . Miscellaneous . | . . . . . . . . . . . . . . . . . . . . . . . Route ------- -11/Scrapyard -10/Materials (discovered 3 exits: *Mat / *Min x2) -9/Materials (discovered 4 exits: *Mat x3 / [*Sto]) -8/Materials (discovered 3 exits: *Fac x3) -7/Factory -7/Waste -7/Factory -6/Factory -5/Factory -5/Extension (discovered 2 exits: *Fac / *Cet) -5/Cetus (discovered 2 exits: *Fac / *Arc) -5/Archives (discovered 2 exits: *Hub x2) -5/Hub_04(d) (discovered 3 exits: *Fac x3) -4/Factory (discovered 3 exits: Upp x2 / *Arm) -4/Armory (discovered 2 exits: Res / *Lab) -4/Lab -3/Research (discovered 2 exits: *Qua x2) -3/Quarantine -2/Research (discovered 2 exits: *Tes x2) -2/Testing -2/Section 7 -1/Access (discovered 2 exits: [Sur] / *Com) -1/Command (discovered 2 exits: [*Sur x2]) History --------- Turn | Location | Event 11 | -11/Scrapyard | Discovered new exit (range 15) 22 | -11/Scrapyard | Entered Materials 92 | -10/Materials | Discovered new exit (range 13) 154 | -10/Materials | Identified exit to Mines 199 | -10/Materials | Discovered new exit (range 14) 267 | -10/Materials | Entered another Materials area 267 | -9/Materials | Accompanied by 2 allies 267 | -9/Materials | Evolved 2 slots: Propulsion x1, Utility x1 307 | -9/Materials | Discovered new exit (range 15) 346 | -9/Materials | Build established: Sprinter 530 | -9/Materials | Identified exit to Materials 590 | -9/Materials | Entered another Materials area 590 | -8/Materials | Evolved 2 slots: Propulsion x2 652 | -8/Materials | Identified exit to Factory 692 | -8/Materials | Entered Factory 692 | -7/Factory | Evolved 2 slots: Utility x2 692 | -7/Factory | Found Scrap Engine 821 | -7/Factory | Sucked down chute 821 | -7/Factory | Entered Waste 822 | -7/Waste | Joined by Warlord forces that had cleared the area 971 | -7/Waste | Discovered new exit (range 13) 980 | -7/Waste | Entered Factory 980 | -7/Factory | Accompanied by 6 allies 1162 | -7/Factory | Discovered new exit (range 19) 1167 | -7/Factory | Identified exit to Factory 1167 | -7/Factory | Entered another Factory area 1167 | -6/Factory | Accompanied by 1 ally 1167 | -6/Factory | Evolved 2 slots: Utility x2 1322 | -6/Factory | Assembled infested Garrison Access 1340 | -6/Factory | Discovered new exit (range 17) 1351 | -6/Factory | Identified exit to Factory 1351 | -6/Factory | Entered another Factory area 1351 | -5/Factory | Evolved 2 slots: Propulsion x1, Utility x1 1395 | -5/Factory | Discovered new exit (range 14) 1412 | -5/Factory | Repaired Cld. VTOL Module 1428 | -5/Factory | Identified exit to Extension 1428 | -5/Factory | Entered Extension 1439 | -5/Extension | Rescued a captive Derelict 1439 | -5/Extension | Rescued a captive Derelict 1504 | -5/Extension | Rescued a captive Derelict 1525 | -5/Extension | Spotted B-75 Beast 1527 | -5/Extension | Spotted B-75 Beast 1540 | -5/Extension | Rescued A7 1566 | -5/Extension | Rescued a captive Derelict 1572 | -5/Extension | Rescued a captive Derelict 1573 | -5/Extension | Rescued a captive Derelict 1673 | -5/Extension | Repaired Imp. Cesium-ion Thruster 1733 | -5/Extension | Discovered new exit (range 10) 1733 | -5/Extension | Discovered new exit (range 6) 1739 | -5/Extension | Identified exit to Cetus 1776 | -5/Extension | Entered Cetus 1776 | -5/Cetus | Accompanied by 8 allies (A7) 1780 | -5/Cetus | Spotted Cetus Guard 1780 | -5/Cetus | Spotted Cetus Guard 1780 | -5/Cetus | Spotted Cetus Guard 1780 | -5/Cetus | Spotted Cetus Guard 1781 | -5/Cetus | Acquired a Cetus Manufacturing Module code from A7 1794 | -5/Cetus | Destroyed Cetus Guard 1797 | -5/Cetus | Allies destroyed Cetus Guard 1798 | -5/Cetus | Allies destroyed Cetus Guard 1802 | -5/Cetus | Allies destroyed Cetus Guard 1814 | -5/Cetus | Started Cetus Manufacturing Module 1839 | -5/Cetus | Manufactured an Enhanced Grunt 1864 | -5/Cetus | Manufactured an Enhanced Grunt 1889 | -5/Cetus | Manufactured an Enhanced Grunt 1914 | -5/Cetus | Manufactured an Enhanced Grunt 1939 | -5/Cetus | Manufactured an Enhanced Grunt 1965 | -5/Cetus | Discovered new exit (range 16) 1970 | -5/Cetus | Spotted Cetus Guard 1971 | -5/Cetus | Spotted Cetus Guard 1972 | -5/Cetus | Spotted Cetus Guard 1993 | -5/Cetus | Spotted Cetus Guard 1996 | -5/Cetus | Allies destroyed Cetus Guard 2002 | -5/Cetus | Allies destroyed Cetus Guard 2002 | -5/Cetus | Allies destroyed Cetus Guard 2004 | -5/Cetus | Allies destroyed Cetus Guard 2009 | -5/Cetus | Discovered new exit (range 16) 2012 | -5/Cetus | Met Revision 17 2039 | -5/Cetus | Identified exit to Archives 2100 | -5/Cetus | Destroyed A7 2103 | -5/Cetus | Extracted ID and sensor layout for unrecognized location from A7's data core 2103 | -5/Cetus | Entered Archives 2103 | -5/Archives | Accompanied by 8 allies 2111 | -5/Archives | Met Zhirov 2117 | -5/Archives | Reinforcements dispatched to Archives 2123 | -5/Archives | Discovered new exit (range 16) 2125 | -5/Archives | Discovered new exit (range 16) 2162 | -5/Archives | Reinforcements dispatched to Archives 2164 | -5/Archives | Zhirov warped through subspace 2168 | -5/Archives | Identified exit to Hub_04(d) 2168 | -5/Archives | Entered Hub_04(d) 2171 | -5/Hub_04(d) | Discovered new exit (range 15) 2173 | -5/Hub_04(d) | Discovered new exit (range 21) 2174 | -5/Hub_04(d) | Identified exit to Factory 2347 | -5/Hub_04(d) | Discovered exit to Factory (range 12) 2368 | -5/Hub_04(d) | Entered Factory 2368 | -4/Factory | Evolved 2 slots: Power x1, Propulsion x1 2391 | -4/Factory | Lost 4 parts (1n3u) 2407 | -4/Factory | Spotted B-86 Titan 2471 | -4/Factory | Fabricated Lgt. Quantum Reactor? 2552 | -4/Factory | Identified exit to Upper Caves 2552 | -4/Factory | Identified exit to Armory 2612 | -4/Factory | Entered Armory 2795 | -4/Armory | Discovered new exit (range 14) 2800 | -4/Armory | Lost 3 parts (2n1u) 2802 | -4/Armory | Discovered new exit (range 3) 2819 | -4/Armory | Identified exit to Lab 2819 | -4/Armory | Entered Lab 2823 | -4/Lab | Discovered new exit (range 8) 2824 | -4/Lab | Identified exit to Research 2825 | -4/Lab | Hidden lab's door opened automatically 2825 | -4/Lab | Sensor layout match revealed 2840 | -4/Lab | Gained access to the hidden lab's interior 2885 | -4/Lab | Found Prototype Energy Cannon 2887 | -4/Lab | Found Prototype Energy Gun 2888 | -4/Lab | Found Prototype Protection 2890 | -4/Lab | Found Prototype Hackware 2898 | -4/Lab | Found Prototype Special Weapon 2979 | -4/Lab | Identified Warp Cannon 3011 | -4/Lab | Found Alien Artifact 3030 | -4/Lab | Found Alien Artifact 3035 | -4/Lab | Found Alien Artifact 3039 | -4/Lab | Build established: Scavenger-Sprinter 3039 | -4/Lab | Found Alien Artifact 3059 | -4/Lab | Identified Core Reset Matrix 3059 | -4/Lab | Used Core Reset Matrix 3060 | -4/Lab | Discovered exit to Research (range 9) 3061 | -4/Lab | Installed Integrated Reactor, increased core energy generation (+10) 3063 | -4/Lab | Sensed 2 artifacts in vicinity 3063 | -4/Lab | Identified Med. Regenerative Plating 3067 | -4/Lab | Identified Quantum Router 3077 | -4/Lab | Entered Research 3077 | -3/Research | Evolved 2 slots: Propulsion x1, Utility x1 3278 | -3/Research | Identified exit to Quarantine 3281 | -3/Research | Lost 4 parts (1p1n2u) 3378 | -3/Research | Entered Quarantine 3379 | -3/Quarantine | Detected hypermatrix surge 3379 | -3/Quarantine | Sensed 4 artifacts in vicinity 3517 | -3/Quarantine | Found Core Cannon 3557 | -3/Quarantine | Discovered new exit (range 18) 3561 | -3/Quarantine | Found Subatomic Replicator 3591 | -3/Quarantine | Repaired Impulse Thruster 3630 | -3/Quarantine | Identified exit to Research 3660 | -3/Quarantine | Entered Research 3660 | -2/Research | Evolved 2 slots: Propulsion x1, Utility x1 3694 | -2/Research | Repaired Impulse Thruster 3833 | -2/Research | Identified exit to Testing 3910 | -2/Research | Search patrols dispatched 3927 | -2/Research | Entered Testing 3933 | -2/Testing | Protovariant out of control (PP-4G5JYCJK9Y) 3933 | -2/Testing | Unleashed a protovariant (PP-4G5JYCJK9Y) 3955 | -2/Testing | Spotted Striker 4033 | -2/Testing | Spotted Superbehemoth 4089 | -2/Testing | Spotted Fortress 4102 | -2/Testing | Discovered new exit (range 5) 4103 | -2/Testing | Identified exit to Section 7 4103 | -2/Testing | Entered Section 7 4104 | -2/Section 7 | Sensed 26 artifacts in vicinity 4108 | -2/Section 7 | Identified exit to Access 4126 | -2/Section 7 | Spotted S7 Guard 4127 | -2/Section 7 | Found Core Membrane 4127 | -2/Section 7 | Installed Core Membrane, gained immunity to corruption 4207 | -2/Section 7 | Found Integrated Mediator 4207 | -2/Section 7 | Installed Integrated Mediator, increased core attachment efficiency. 4217 | -2/Section 7 | Warped through subspace 4218 | -2/Section 7 | Found Microwarp Drive 4236 | -2/Section 7 | Spotted S7 Guard 4237 | -2/Section 7 | Spotted B-90 Cyclops 4246 | -2/Section 7 | Spotted Alpha 7 4247 | -2/Section 7 | Spotted Alpha 7 4247 | -2/Section 7 | Spotted B-99 Colossus 4248 | -2/Section 7 | Core integrity fell below 50% 4252 | -2/Section 7 | Spotted Executioner 4258 | -2/Section 7 | Integrated with Sigix Exoskeleton 4268 | -2/Section 7 | Lost 7 parts (2p3n1u1w) 4394 | -2/Section 7 | Spotted Executioner 4405 | -2/Section 7 | Spotted Striker 4405 | -2/Section 7 | Spotted Striker 4407 | -2/Section 7 | Found Sigix Shearcannon 4435 | -2/Section 7 | Found Transdimensional Reconstructor 4437 | -2/Section 7 | Found Transdimensional Reconstructor 4468 | -2/Section 7 | Found Integrated Reactor 4468 | -2/Section 7 | Installed Integrated Reactor, increased core energy generation (+10) 4485 | -2/Section 7 | Found LRC Matter Compressor 4485 | -2/Section 7 | Installed LRC Matter Compressor, increased matter storage capacity (+125) 4489 | -2/Section 7 | Found LRC Armor 4489 | -2/Section 7 | Installed LRC Armor, increased core integrity (+250) 4491 | -2/Section 7 | Found LRC Boosters 4491 | -2/Section 7 | Installed LRC Boosters, increased mass support (+10) 4512 | -2/Section 7 | Used Subatomic Replicator to replicate Core Expander 4513 | -2/Section 7 | Found Core Expander 4513 | -2/Section 7 | Installed Core Expander, added new Propulsion slot 4515 | -2/Section 7 | Installed Core Expander, added new Weapon slot 4587 | -2/Section 7 | Build established: Alien-Sigix 4591 | -2/Section 7 | Spotted Investigator 4600 | -2/Section 7 | Destroyed Investigator 4653 | -2/Section 7 | Destroyed 34 combat bots 4758 | -2/Section 7 | Spotted Striker 4771 | -2/Section 7 | Destroyed Striker 4920 | -2/Section 7 | Spotted Striker 4922 | -2/Section 7 | Destroyed Striker 4933 | -2/Section 7 | Spotted Executioner 4935 | -2/Section 7 | Spotted Striker 4939 | -2/Section 7 | Destroyed Striker 4945 | -2/Section 7 | Spotted Striker 4951 | -2/Section 7 | Destroyed Striker 4952 | -2/Section 7 | Sigix Exoskeleton integrity reduced to 80% 4958 | -2/Section 7 | Destroyed Executioner 4978 | -2/Section 7 | Spotted Executioner 4983 | -2/Section 7 | Destroyed Executioner 5000 | -2/Section 7 | Crushed by falling debris 5011 | -2/Section 7 | Destroyed 37 combat bots 5094 | -2/Section 7 | Destroyed Executioner 5096 | -2/Section 7 | Destroyed Executioner 5102 | -2/Section 7 | Found Prototype Processor 5102 | -2/Section 7 | Identified Exp. Core Analyzer 5119 | -2/Section 7 | Destroyed Striker 5122 | -2/Section 7 | Destroyed Striker 5137 | -2/Section 7 | Spotted Striker 5138 | -2/Section 7 | Spotted Striker 5139 | -2/Section 7 | Destroyed Striker 5139 | -2/Section 7 | Destroyed Striker 5147 | -2/Section 7 | Spotted Striker 5148 | -2/Section 7 | Core integrity fell below 20% 5151 | -2/Section 7 | Destroyed Striker 5153 | -2/Section 7 | Spotted Executioner 5159 | -2/Section 7 | Destroyed Executioner 5193 | -2/Section 7 | Spotted Striker 5193 | -2/Section 7 | Spotted Executioner 5193 | -2/Section 7 | Spotted Executioner 5193 | -2/Section 7 | Destroyed Executioner 5193 | -2/Section 7 | Destroyed Executioner 5198 | -2/Section 7 | Spotted Executioner 5198 | -2/Section 7 | Spotted Executioner 5199 | -2/Section 7 | Destroyed Executioner 5199 | -2/Section 7 | Destroyed Striker 5199 | -2/Section 7 | Destroyed Executioner 5201 | -2/Section 7 | Spotted Investigator 5233 | -2/Section 7 | Scanned by Researcher 5234 | -2/Section 7 | Intercept squad dispatched 5245 | -2/Section 7 | Sterilization system engaged 5245 | -2/Section 7 | Non-combat units ordered to evacuate 5247 | -2/Section 7 | Destroyed Investigator 5255 | -2/Section 7 | Spotted Tracker 5259 | -2/Section 7 | Spotted Tracker 5260 | -2/Section 7 | Destroyed 51 combat bots 5265 | -2/Section 7 | Destroyed Tracker 5271 | -2/Section 7 | Destroyed Tracker 5278 | -2/Section 7 | Found Prototype Processor 5278 | -2/Section 7 | Identified Exp. Targeting Computer 5289 | -2/Section 7 | Found Sigix Sheargun 5290 | -2/Section 7 | Found Sigix Sheargun 5292 | -2/Section 7 | Found Sigix Sheargun 5315 | -2/Section 7 | Found Transdimensional Reconstructor 5319 | -2/Section 7 | Found Terrabomb 5320 | -2/Section 7 | Found Terrabomb 5323 | -2/Section 7 | Spotted Executioner 5323 | -2/Section 7 | Spotted Executioner 5325 | -2/Section 7 | Destroyed Executioner 5327 | -2/Section 7 | Sigix Exoskeleton integrity reduced to 60% 5331 | -2/Section 7 | Destroyed Executioner 5334 | -2/Section 7 | Found Exp. Core Analyzer 5345 | -2/Section 7 | Combat units ordered to evacuate 5348 | -2/Section 7 | Found Exp. Core Analyzer 5350 | -2/Section 7 | Found Exp. Core Analyzer 5389 | -2/Section 7 | Used Terrabomb 5395 | -2/Section 7 | Found Exp. Core Analyzer 5421 | -2/Section 7 | Destroyed Alpha 7 5425 | -2/Section 7 | Found Prototype Ballistic Gun 5425 | -2/Section 7 | Identified Multirail 5449 | -2/Section 7 | Destroyed B-99 Colossus 5470 | -2/Section 7 | Found Unknown Device 5470 | -2/Section 7 | Identified Antimissile System 5519 | -2/Section 7 | Destroyed S7 Guard 5534 | -2/Section 7 | Destroyed B-90 Cyclops 5539 | -2/Section 7 | Found Unknown Device 5539 | -2/Section 7 | Identified Quantum Capacitor 5545 | -2/Section 7 | Ambient heat levels rising (+10) 5590 | -2/Section 7 | Found Spacefold Activator 5640 | -2/Section 7 | Spotted S7 Guard 5644 | -2/Section 7 | Destroyed S7 Guard 5647 | -2/Section 7 | Found Core Regenerator 5695 | -2/Section 7 | Ambient heat levels rising (+10) 5697 | -2/Section 7 | Entered Access 5697 | -1/Access | Evolved 2 slots: Utility x2 5702 | -1/Access | Emitted hypermatrix ping 5707 | -1/Access | Assembled emerged from beneath the floor 5737 | -1/Access | Assembled emerged from beneath the floor 5796 | -1/Access | Assembled emerged from beneath the floor 5824 | -1/Access | Discovered new exit (range 18) 6011 | -1/Access | Destroyed 9 combat bots 6153 | -1/Access | Spotted Investigator 6166 | -1/Access | Destroyed Investigator 6215 | -1/Access | Spotted Executioner 6216 | -1/Access | Spotted Executioner 6216 | -1/Access | Spotted Striker 6219 | -1/Access | Destroyed Striker 6225 | -1/Access | Destroyed Executioner 6237 | -1/Access | Destroyed Executioner 6284 | -1/Access | Destroyed 51 combat bots 6305 | -1/Access | Spotted Striker 6306 | -1/Access | Garrison activated, responded to threat 6315 | -1/Access | Spotted Striker 6316 | -1/Access | Destroyed Striker 6317 | -1/Access | Destroyed Striker 6362 | -1/Access | Destroyed 25 combat bots 6426 | -1/Access | Spotted Executioner 6426 | -1/Access | Spotted Striker 6426 | -1/Access | Spotted Striker 6442 | -1/Access | Destroyed Striker 6449 | -1/Access | Destroyed Executioner 6462 | -1/Access | Destroyed Striker 6466 | -1/Access | Found Prototype Device 6466 | -1/Access | Identified Adv. Kinecellerator 6481 | -1/Access | Intercept squad dispatched 6483 | -1/Access | Destroyed 9 combat bots 6508 | -1/Access | Spotted Tracker 6508 | -1/Access | Spotted Tracker 6513 | -1/Access | Destroyed Tracker 6515 | -1/Access | Found Prototype Device 6522 | -1/Access | Destroyed Tracker 6555 | -1/Access | Spotted Striker 6559 | -1/Access | Destroyed Striker 6565 | -1/Access | Sterilization system engaged 6565 | -1/Access | Spotted Combat Programmer 6567 | -1/Access | Spotted Combat Programmer 6579 | -1/Access | Destroyed Combat Programmer 6597 | -1/Access | Destroyed Combat Programmer 6628 | -1/Access | Destroyed 40 combat bots 6652 | -1/Access | Assembled emerged from beneath the floor 6762 | -1/Access | Spotted B-99 Colossus 6773 | -1/Access | Destroyed B-99 Colossus 6777 | -1/Access | Crushed by falling debris 6798 | -1/Access | Spotted B-99 Colossus 6802 | -1/Access | Sigix Exoskeleton integrity reduced to 40% 6802 | -1/Access | Destroyed B-99 Colossus 6816 | -1/Access | Identified Exp. Phase Shifter 6865 | -1/Access | Ambient heat levels rising (+10) 6949 | -1/Access | Destroyed 10 combat bots 6954 | -1/Access | Spotted B-99 Colossus 6981 | -1/Access | Destroyed B-99 Colossus 6986 | -1/Access | Assembled emerged from beneath the floor 7015 | -1/Access | Ambient heat levels rising (+10) 7057 | -1/Access | Assembled emerged from beneath the floor 7165 | -1/Access | Ambient heat levels rising (+10) 7201 | -1/Access | Assembled emerged from beneath the floor 7315 | -1/Access | Ambient heat levels rising (+10) 7336 | -1/Access | Spotted B-99 Colossus 7397 | -1/Access | Crushed by falling debris 7460 | -1/Access | Spotted B-99 Colossus 7465 | -1/Access | Ambient heat levels rising (+10) 7473 | -1/Access | Destroyed B-99 Colossus 7526 | -1/Access | Assembled emerged from beneath the floor 7601 | -1/Access | Assembled emerged from beneath the floor 7603 | -1/Access | Used Core Regenerator, restored core integrity (+462) 7615 | -1/Access | Ambient heat levels rising (+10) 7674 | -1/Access | Assembled emerged from beneath the floor 7765 | -1/Access | Ambient heat levels rising (+10) 7841 | -1/Access | Assembled emerged from beneath the floor 7873 | -1/Access | Assembled emerged from beneath the floor 7886 | -1/Access | Discovered new exit (range 18) 7915 | -1/Access | Ambient heat levels rising (+10) 8000 | -1/Access | Assembled emerged from beneath the floor 8065 | -1/Access | Ambient heat levels rising (+10) 8107 | -1/Access | Energy Cycler disabled 8181 | -1/Access | Entered Command 8186 | -1/Command | Emitted hypermatrix ping 8191 | -1/Command | Assembled emerged from beneath the floor 8241 | -1/Command | Found Exp. Core Analyzer 8289 | -1/Command | Discovered new exit (range 18) 8293 | -1/Command | Assembled emerged from beneath the floor 8314 | -1/Command | Assembled emerged from beneath the floor 8362 | -1/Command | Assembled emerged from beneath the floor 8431 | -1/Command | First assault squad dispatched 8487 | -1/Command | Spotted M Guard 8487 | -1/Command | Spotted M Guard 8491 | -1/Command | Spotted Combat Programmer 8492 | -1/Command | Spotted Combat Programmer 8494 | -1/Command | Destroyed Combat Programmer 8497 | -1/Command | Destroyed Combat Programmer 8522 | -1/Command | Destroyed M Guard 8542 | -1/Command | Destroyed M Guard 8542 | -1/Command | All MAIN.C guards destroyed 8559 | -1/Command | High security lockdown imminent 8572 | -1/Command | Found Prototype Launcher 8580 | -1/Command | Destroyed 23 combat bots 8590 | -1/Command | Found Prototype Device 8591 | -1/Command | Identified AEGIS Remote Shield 8626 | -1/Command | Identified Ragnarok Missile Launcher 8639 | -1/Command | High security lockdown engaged 8745 | -1/Command | Destroyed 13 combat bots 8767 | -1/Command | Spotted Investigator 8768 | -1/Command | Destroyed Investigator 8812 | -1/Command | Destroyed 15 combat bots 8930 | -1/Command | Spotted Striker 8930 | -1/Command | Spotted Executioner 8930 | -1/Command | Spotted Executioner 8930 | -1/Command | Spotted Executioner 8932 | -1/Command | Spotted Striker 8932 | -1/Command | Spotted Striker 8932 | -1/Command | Destroyed Executioner 8932 | -1/Command | Destroyed Executioner 8935 | -1/Command | Destroyed Striker 8935 | -1/Command | Destroyed Striker 8935 | -1/Command | Destroyed Executioner 8964 | -1/Command | Destroyed 20 combat bots 9077 | -1/Command | Destroyed 59 combat bots 9121 | -1/Command | Spotted Executioner 9121 | -1/Command | Spotted Striker 9121 | -1/Command | Spotted Striker 9122 | -1/Command | Spotted Investigator 9122 | -1/Command | Destroyed Investigator 9157 | -1/Command | Destroyed Striker 9157 | -1/Command | Destroyed Striker 9163 | -1/Command | Spotted Executioner 9174 | -1/Command | Destroyed Executioner 9194 | -1/Command | Spotted Executioner 9195 | -1/Command | Destroyed Executioner 9195 | -1/Command | Destroyed Striker 9200 | -1/Command | Spotted Striker 9203 | -1/Command | Destroyed Striker 9221 | -1/Command | Destroyed Striker 9261 | -1/Command | Destroyed 40 combat bots 9439 | -1/Command | Destroyed 58 combat bots 9469 | -1/Command | Assembled emerged from beneath the floor 9511 | -1/Command | Core integrity fell below 50% 9532 | -1/Command | Destroyed 7 combat bots 9638 | -1/Command | Assembled emerged from beneath the floor 9707 | -1/Command | Assembled emerged from beneath the floor 9717 | -1/Command | Destroyed 8 combat bots 9797 | -1/Command | Spotted Striker 9800 | -1/Command | Destroyed Striker 9812 | -1/Command | Spotted Executioner 9812 | -1/Command | Destroyed Executioner 9812 | -1/Command | Spotted Alpha 7 9818 | -1/Command | Destroyed Alpha 7 9821 | -1/Command | Found Prototype Processor 9833 | -1/Command | Spotted Striker 9836 | -1/Command | Destroyed Striker 9845 | -1/Command | Spotted Alpha 7 9846 | -1/Command | Spotted Executioner 9849 | -1/Command | Destroyed Executioner 9849 | -1/Command | Destroyed Alpha 7 9854 | -1/Command | Found Prototype Processor 9854 | -1/Command | Identified Exp. Target Analyzer (x2) 9857 | -1/Command | Found Prototype Device 9857 | -1/Command | Identified Exp. ECM Suite 9891 | -1/Command | Destroyed B-99 Colossus 9898 | -1/Command | Spotted Executioner 9899 | -1/Command | Destroyed Executioner 9935 | -1/Command | Destroyed B-99 Colossus 9963 | -1/Command | Spotted Executioner 9963 | -1/Command | Destroyed Executioner 10039 | -1/Command | Destroyed 37 combat bots 10221 | -1/Command | Destroyed 80 combat bots 10308 | -1/Command | Sigix Exoskeleton integrity reduced to 20% 10343 | -1/Command | Destroyed 41 combat bots 10401 | -1/Command | Destroyed 14 combat bots 10459 | -1/Command | Destroyed 23 combat bots 10624 | -1/Command | Met MAIN.C 10633 | -1/Command | 0b10 Conduit disabled 10641 | -1/Command | Core integrity fell below 20% 10685 | -1/Command | MAIN.C's shell transforms into a squad of autonomous robots 10685 | -1/Command | Destroyed MAIN.C Shell 10685 | -1/Command | Spotted M Shell/Def 10685 | -1/Command | Spotted M Shell/Atk 10685 | -1/Command | Spotted M Shell/Def 10685 | -1/Command | Spotted M Shell/Atk 10685 | -1/Command | Spotted M Shell/Atk 10685 | -1/Command | Spotted M Shell/Def 10685 | -1/Command | Spotted M Shell/Atk 10685 | -1/Command | Spotted M Shell/Def 10687 | -1/Command | MAIN.C activated Command garrisons 10706 | -1/Command | Destroyed MAIN.C 10719 | -1/Command | Discovered new exit (range 53) 10719 | -1/Command | Discovered new exit (range 78) 10719 | -1/Command | Extracted map data and part IDs from MAIN.C's data core 10721 | -1/Command | Destroyed M Shell/Atk 10726 | -1/Command | Exoskeleton Destroyed Last Messages --------------- 10706_ MAIN.C: "I hope you know you're still going to DIE HERE WITH ME!" 10706_ MAIN.C destroyed. 10706_ Quantum Shear penetrates Reinforced Barrier. 10708_ M Shell/Atk Prototype Device blasted off. 10712_ M Shell/Atk destroyed. 10718_ Kicked M Shell/Def out of the way. 10719_ EXIT=FOUND 10719_ Acquired data core, extracted map data and part IDs. 10719_ M Shell/Atk destroyed. 10721_ Quantum Shear penetrates M Shell/Atk. 10721_ M Shell/Atk destroyed. 10721_ Quantum Shear penetrates 0b10 Conduit. 10721_ Quantum Shear penetrates M Shell/Atk. 10721_ Quantum Shear penetrates 0b10 Conduit. 10721_ Quantum Shear penetrates M Shell/Atk. 10721_ Quantum Shear penetrates Reinforced Barrier. 10721_ Quantum Shear penetrates M Shell/Atk. 10724_ Quantum Shear penetrates 0b10 Conduit. 10724_ Quantum Shear penetrates M Shell/Atk. 10726_ Sigix Exoskeleton destroyed. Map ----- +----------------------------------------------------+ | ???????????????################################# # | | ??????????????#################################### | | #####?#########################################[#% | | #?#??????###################################]! | | #?#?####################################### # | | #?#?#""""""" """" #################### | | #?#?#"" "" #################### | | #?#?#""""" "" #################### | | #?###""""""""""" + | | #####" " """ " | | #####"" """""" i | | #####"" """""" ################### | | ##### " """""" [ % i################### | | ##### " =%! ################### | | ######### !! ################### | | ######""""""" ################### | | ######"" """"""% ################### | | ###### """""""" " ################### | | ###### " " " " ################# # | | ######### " " " " ################### | | " " " """"% ################### | | """ " " !"%" !################### | | " " " !i%"!Y!#################### | | ##### """""""""" !%% *!%################### | | ##### " """ " "%" !][=# ################ | | ##### !%%X!i%!# ################ | | ############################################ | | ############################################ | | ############################################ | | ############################################ | | ############################################## | | ############################################## | | ############################################## | | ############################################## | | ############################################## | | ###################################### | | T###################################### | | ########"""####################################### | | ########"""####################################### | | # ##################################### | | # #################################### | | # ##################################### | | # ################################### | | #########?#####?##?#####?#?############### # | | #???????????????????????????################ | | #??????????????????????????############### | | #???????????????????????????############## | | #???????????????????????????############### | | #??????????????????????????################ | | #??????????????????????????################ | +----------------------------------------------------+ Best States ------------- Heat Dissipation 160 Coolant Potential 100 Energy Generation 91 Energy Capacity 450 Matter Stores 425 Matter Capacity 425 Sight Range 23 Robot Scan Range 16 Terrain Scan Range 20 Terrain Scan Density 210 Jamming Range 16 Additional Mass Support 20 Armor Coverage 450 Resistance: KI 50 Resistance: TH 50 Resistance: EX 50 Resistance: EM 50 Resistance: I 50 Resistance: S 50 Resistance: P 50 Core Shielding 30 Propulsion Shielding 66 Point Defense Rating 240 Phase Shifting 20 Evasion (%) 89 Targeting Accuracy 12 Core Analysis 12 Armor Integrity Analysis 40 Kinecelleration 40 Offensive Hacking 44 Defensive Hacking 25 Trap Extractor Capacity 4 Item Schematics ----------------- None Robot Schematics ------------------ None Fabricated ------------ Lgt. Quantum Reactor | x2 | -4/Factory | Preloaded Alien Tech Used ----------------- Core Reset Matrix Integrated Reactor Core Membrane Integrated Mediator Transdimensional Reconstructor Microwarp Drive Sigix Exoskeleton Sigix Sheargun Core Cannon Sigix Shearcannon LRC Matter Compressor LRC Armor LRC Boosters Subatomic Replicator Core Expander Terrabomb Core Regenerator Achievements -------------- None Challenges ------------ None Game ------ Seed EncryptedSwarmGun Manual? 0 Play Time 03:58:02 Cumulative 386.5 hours Start 2022.09.11 @ 22:09:15 End 2022.09.12 @ 02:14:54 Sessions 1 Manual Loads 0 Difficulty Rogue Special Mode None Game No. 134 Rogue 119 Adventurer 15 Explorer 0 Win Type - Total 24 Types 7/1/7/2/2/0/4/1/0 Lore% 93 Gallery% 93 Achievement% 82 Wizard Run 0 Options --------- ASCII 0 Keyboard 0 Movement Numpad Keybinds 0 Fullscreen 1 Font 18/SmallcapsGlow Map View 76x50 Tactical HUD 1 Map Filters NONE Filters NONE Steam 1 RUN: c6874d21-c147-4472-a8dc-47006b1a210c